 Dungeon Crawl Stone Soup version 0.28.0-43-g3370ac3207 (webtiles) character file.

Game seed: 13134527337570325996

14 Kaptain the Digger (level 2, -1/16 HPs)
             Began as a Gargoyle Earth Elementalist on Mar 17, 2022.
             Slain by a ball python (2 damage)
             ... on level 1 of the Dungeon.
             The game lasted 00:01:06 (200 turns).

Kaptain the Digger (Gargoyle Earth Elementalist)     Turns: 200, Time: 00:01:07

Health: -1/16      AC:  5    Str: 11    XL:     2   Next: 45%
Magic:  0/5        EV: 12    Int: 15    God:
Gold:   24         SH:  0    Dex: 10    Spells: 4/5 levels left

rFire   . . .      SeeInvis .   d - +0 short sword
rCold   . . .      Faith    .   (no shield)
rNeg    + . .      Spirit   .   b - +0 robe
rPois   ∞          Reflect  .   f - +0 helmet
rElec   +          Harm     .   (no cloak)
rCorr   .          Rampage  .   (no gloves)
Will    .....                   (no boots)
Stlth   ++........              (no amulet)
HPRegen 0.05/turn               (no ring)
MPRegen 0.09/turn               (no ring)

@: no status effects
A: sickness immunity, AC +2, negative energy resistance 1, electricity
resistance, torment resistance 1, petrification resistance
a: no special abilities


You were on level 1 of the Dungeon.
You visited 1 branch of the dungeon, and saw 1 of its levels.

You collected 24 gold pieces.

Inventory:

Hand Weapons
 d - a +0 short sword (weapon)
Missiles
 c - 21 stones
Armour
 b - a +0 robe (worn)
 f - a +0 helmet (worn)
Scrolls
 a - a scroll of fear {unknown}
 e - 2 scrolls of torment {unknown}


   Skills:
 * Level 0.7 Fighting
 + Level 0.2 Armour
 + Level 1.7 Dodging
 + Level 2.2 Stealth
 * Level 2.1 Spellcasting
 * Level 0.8 Conjurations
 - Level 0.7 Transmutations
 * Level 3.7 Earth Magic


You had 4 spell levels left.
You knew the following spells:

 Your Spells              Type           Power      Damage    Failure   Level
a - Sandblast             Erth           24%        2d8       4%          1

Your spell library contained the following spells:

 Spells                   Type           Power      Damage    Failure   Level
 Passwall                 Tmut/Erth      6%         N/A       13%         2
 Stone Arrow              Conj/Erth      16%        3d8       26%         3
 Petrify                  Tmut/Erth      8%         N/A       65%         4


Dungeon Overview and Level Annotations

Branches:
Dungeon (1/15)

Altars:


Innate Abilities, Weirdness & Mutations

You are immune to sickness and miasma.
Your stone body is resilient. (AC +2)
You are immune to poison.
You resist negative energy. (rN+)
You are resistant to electric shocks. (rElec)
You are resistant to unholy torment.
You are immune to petrification.


Message History

The jackal bites you but does no damage.
You hit the jackal.
The jackal is moderately wounded.
The jackal barely misses you.
The jackal bites you but does no damage.
You hit the jackal.
You kill the jackal!
The jackal bites you but does no damage.
You miss the jackal. The jackal barely misses you.
You hit the jackal.
The jackal is severely wounded.
The jackal misses you. The jackal bites you.
* * * LOW HITPOINT WARNING * * *
You closely miss the jackal.
The jackal is severely wounded.
The jackal bites you but does no damage.
The jackal barely misses you.
You hit the jackal.
The jackal is almost dead.
The jackal barely misses you.
You closely miss the jackal.
The jackal is almost dead.
The jackal bites you but does no damage. x2
You hit the jackal.
You kill the jackal!
The ball python bites you.
* * * LOW HITPOINT WARNING * * *
The ball python barely misses you.
Casting: Sandblast (safe; 4% risk of failure)
Confirm with . or Enter, or press ? or * to list all spells.
Aiming: Sandblast (safe; 4% risk of failure)
Press: ? - help, Shift-Dir - straight line, f - ball python
Aim: a ball python (77% to hit)
The blast of sand misses the ball python.
The blast of sand hits the jackal!
You kill the jackal!
The ball python bites you but does no damage.
The ball python misses you.
You barely miss the ball python. The ball python bites you.
You die...

##.....)###......#
..................
##.......##......#
#.......h#......#
#.....(#.#......#
#......#.#.......
##########
#....$...#..h....
##≈≈≈≈≈≈≈≈#
..#######...h#+# #
#≈≈≈..<.≈≈§ #.
#...hS@# .#
#..........
##...####.#
#+##....##+ #...#
#..# ##''## ##†.##..#
#....# #..#..# ####
#....###
#....###≈≈≈....#.....
#....#§≈≈≈........#..
#......≈≈...#§.#...#.
#...#≈§........#§§...


You could see 2 jackals and a ball python.

Vanquished Creatures
  A dart slug (D:1)
  2 goblins (D:1)
  5 jackals (D:1)
  A kobold (D:1)
  A bat (D:1)
10 creatures vanquished.

Notes
Turn   | Place    | Note
-------+----------+-------------------------------------------
     0 | D:1      | Kaptain the Gargoyle Earth Elementalist began the quest for
                  | the Orb.
     0 | D:1      | Reached XP level 1. HP: 10/10 MP: 3/3
   169 | D:1      | Reached XP level 2. HP: 9/16 MP: 1/5
   200 | D:1      | Slain by a ball python

Illustrated notes

Levels and vault maps discovered:
D:1:      denvon_arrival_hothouse, layout_basic,
          shapermc_ecumenical_altar_ellora

Action                   || total
-------------------------++-------
Melee: Short sword       ||    18
 Cast: Sandblast         ||     9
Armor: Robe              ||    14
Dodge: Dodged            ||    20
